 Dungeon Sprint DCSS version 0.30-a0-1161-g0704695555 (webtiles) character file.

Game seed: 5499289511977660925

8000000 123456 the Archmage (level 27, -13/239 (292) HPs)
             Began as an Armataur Wanderer on Apr 27, 2023.
             Was the Champion of Makhleb.
             Killed from afar by a dread (23 damage)
             ... with damnation
             ... in the Dungeon (Sprint VIII: "Arena of Blood").
             The game lasted 00:02:39 (80 turns).

123456 the Archmage (Armataur Wanderer)               Turns: 80, Time: 00:02:39

HP:   -13/239 (292) AC: 15    Str: 17    XL:     27
MP:   24/54         EV: 24    Int: 16    God:    Makhleb [******]
Gold: 0             SH:  0    Dex: 21    Spells: 79/80 levels left

rFire   . . .        j - +∞ Axe of Woe
rCold   . . .        (shield currently unavailable)
rNeg    . . .        d - +2 scale mail
rPois   .            (no helmet)
rElec   .            (no cloak)
rCorr   .            (no gloves)
SInv    .            (no barding)
Will    ++...        (no amulet)
Stlth   +++++++++    (no ring)
HPRegen 0.59/turn    (no ring)
MPRegen 0.34/turn

%: no teleportation, roll
@: heavily drained
A: large, rugged brown scales 3, deformed body, armoured tail, roll, long
tongue, awkward tongue
a: Renounce Religion, Minor Destruction, Lesser Servant of Makhleb, Major
Destruction, Greater Servant of Makhleb


You were in the Dungeon.
You worshipped Makhleb.
Makhleb was exalted by your worship.
You visited 1 branch

Inventory:

Hand Weapons
 a - a +0 club
 j - the +∞ Axe of Woe (weapon)
   (You found it in the Dungeon)
Armour
 d - a +2 scale mail (worn)
Scrolls
 c - a scroll of fear
 i - a scroll of blinking
Potions
 b - 2 potions of curing
 e - a potion of heal wounds
 f - a potion of haste
 g - 2 potions of magic
 h - a potion of berserk rage


   Skills:
 O Level 27 Fighting
 + Level 25.1(27) Short Blades
 + Level 25.0(27) Long Blades
 O Level 27 Axes
 + Level 25.0(27) Maces & Flails
 + Level 23.2(27) Polearms
 + Level 25.0(27) Staves
 + Level 21.5 Ranged Weapons
 + Level 25.0 Throwing
 O Level 27 Armour
 O Level 27 Dodging
 O Level 27 Stealth
 O Level 27 Shields
 + Level 25.0 Unarmed Combat
 O Level 27 Spellcasting
 + Level 25.0 Conjurations
 O Level 27 Hexes
 + Level 23.3 Summonings
 + Level 23.3 Necromancy
 O Level 27 Translocations
 + Level 25.1 Transmutations
 O Level 27 Fire Magic
 O Level 27 Ice Magic
 O Level 27 Air Magic
 O Level 27 Earth Magic
 O Level 27 Poison Magic
 O Level 27 Invocations
 O Level 27 Evocations


You had 79 spell levels left.
You knew the following spells:

 Your Spells              Type           Power      Damage    Failure   Level
a - Foxfire               Conj/Fire      100%       2x1d9     0%          1

Your spell library contained the following spells:

 Spells                   Type           Power      Damage    Failure   Level
 Volatile Blastmotes      Fire/Tloc      100%       2d18      0%          3


Dungeon Overview and Level Annotations

Branches:
Dungeon (1/1)

Altars:
Makhleb


Innate Abilities, Weirdness & Mutations

You are completely covered in rugged brown scales. (AC +3, +7% HP)
Armour fits poorly on your strangely shaped body.
You have a long armoured tail.
You roll when moving toward enemies. (Rampage)
Your long tongue fully drains potion bottles. (2x potion effects)
Your tongue gives you trouble enunciating. (1.5x scroll delay)


Message History

Your Transmutations skill increases to level 25!
Unknown command.
Unknown command.
Unknown command.
You slash the bag of meat!
You hew the bag of meat savagely.
You kill the bag of meat!
Makhleb accepts your kill.
You feel better.
You hit the bag of meat.
You pulverise the bag of meat into a thin bloody mist.
You kill the bag of meat!
Makhleb accepts your kill.
You feel better.
The eight-headed meat hydra appears out of thin air!
An eight-headed meat hydra comes into view.
The eight-headed meat hydra calls on the powers of darkness!
The eight-headed meat hydra convulses!
The bag of meat convulses!
The eight-headed meat hydra convulses!
The meat berserker convulses!
Your body is wracked with pain!
You hear a shout!
Your base Long Blades skill increases to level 25!
Your base Maces & Flails skill increases to level 25!
Your base Staves skill increases to level 25!
Your Throwing skill increases to level 25!
Your Unarmed Combat skill increases to level 25!
Your Conjurations skill increases to level 25!
You have mastered Fire Magic!
Unknown command.
You slice the meat berserker!!
You cleave the meat berserker in twain.
You kill the meat berserker!
Makhleb accepts your kill.
You feel better.
A bolt of negative energy appears from out of thin air!
Deactivating autopickup; reactivate with Ctrl-A.
The bolt of negative energy hits you!!!!
You feel drained.
Ouch! That really hurt!
* * * LOW HITPOINT WARNING * * *
The dread throws damnation at you.
The sphere of damnation explodes!
The damnation engulfs you!!
You die...

.....#.......#.#..D....
_.<._#...............W.
...))#.)....#.#.#...D...
.._.☼☼).................
.###○))......#.#.#Do#...
....☼)###..........#....
......#...)).)......#...
..))))#).))))).))..#....
...)))))°)))).))@)......
....))).))#)).#......##.
......).§#..).#.....##
.......##.....#.....#
......#......#.{..##..
......#...###....#. ....
........... ...#.... ...
..................... ##
#.....### .........##


You could see 2 eight-headed meat hydras, a dread and a bag of meat.

Vanquished Creatures
  3 hell beasts (D)
  A royal mummy (D)
  A wraith (D)
  Harold (D)
  13 vampire knights (D)
  33 ogres (D)
  5 two-headed ogres (D)
  4 liches (D)
  57 orcs (D)
  8 skeletal warriors (D)
126 creatures vanquished.

Notes
Turn   | Place    | Note
-------+----------+-------------------------------------------
     0 | D        | Found the +∞ Axe of Woe
     0 | D        | 123456 the Armataur Wanderer began the quest for the Orb.
     0 | D        | 123456 set off with the following items: a +0 club, 2
                  | potions of curing, a scroll of fear, a +2 scale mail, a
                  | potion of heal wounds, a potion of haste, 2 potions of
                  | magic, a potion of berserk rage, a scroll of blinking; and
                  | the following spell memorised: Foxfire; and the following
                  | spells available to memorise: Volatile Blastmotes.
     0 | D        | Reached XP level 1. HP: 14/14 MP: 6/6
     3 | D        | Noticed a bag of meat
     4 | D        | Became a worshipper of Makhleb the Destroyer
     5 | D        | Noticed a meat berserker
     5 | D        | Noticed a meat berserker
     5 | D        | Noticed a meat berserker
     6 | D        | Killed a meat berserker
     6 | D        | Noticed a bag of meat
     7 | D        | Reached XP level 2. HP: 26/26 MP: 6/25
     7 | D        | Reached XP level 3. HP: 32/32 MP: 6/27
     7 | D        | Reached XP level 4. HP: 39/39 MP: 6/28
     7 | D        | Reached XP level 5. HP: 44/44 MP: 6/30
     7 | D        | Reached XP level 6. HP: 53/53 MP: 6/31
     7 | D        | Reached XP level 7. HP: 59/59 MP: 6/33
     7 | D        | Reached XP level 8. HP: 66/66 MP: 6/34
     7 | D        | Reached XP level 9. HP: 72/72 MP: 6/35
     7 | D        | Reached XP level 10. HP: 79/79 MP: 6/36
     7 | D        | Reached XP level 11. HP: 85/85 MP: 6/37
     7 | D        | Noticed a bag of meat
     7 | D        | Noticed a meat berserker
     7 | D        | Noticed a bag of meat
     8 | D        | Noticed a bag of meat
     9 | D        | Noticed a meat berserker
     9 | D        | Killed a meat berserker
     9 | D        | Reached * piety under Makhleb
     9 | D        | Noticed a meat berserker
     9 | D        | Noticed a bag of meat
     9 | D        | Noticed a bag of meat
     9 | D        | Noticed a bag of meat
     9 | D        | Noticed a bag of meat
    10 | D        | Reached skill level 5 in Axes
    10 | D        | Reached XP level 12. HP: 95/95 MP: 6/42
    10 | D        | Reached XP level 13. HP: 101/101 MP: 6/43
    10 | D        | Noticed a bag of meat
    10 | D        | Killed a meat berserker
    10 | D        | Killed a meat berserker
    10 | D        | Noticed a bag of meat
    11 | D        | Reached skill level 27 in Spellcasting
    11 | D        | Reached XP level 14. HP: 121/121 MP: 7/45
    11 | D        | Noticed a bag of meat
    11 | D        | Killed a meat berserker
    11 | D        | Reached ** piety under Makhleb
    11 | D        | Killed a bag of meat
    11 | D        | Noticed a meat berserker
    11 | D        | Noticed a meat berserker
    12 | D        | Reached skill level 10 in Fighting
    12 | D        | Reached XP level 15. HP: 134/134 MP: 7/46
    12 | D        | Reached *** piety under Makhleb
    13 | D        | Reached **** piety under Makhleb
    13 | D        | Noticed a meat berserker
    14 | D        | Reached skill level 27 in Armour
    14 | D        | Reached XP level 16. HP: 90/156 MP: 8/47
    14 | D        | Killed a meat berserker
    15 | D        | Reached ***** piety under Makhleb
    15 | D        | Noticed a meat berserker
    16 | D        | Killed a meat berserker
    17 | D        | Reached skill level 27 in Axes
    17 | D        | Reached XP level 17. HP: 191/191 MP: 8/48
    17 | D        | Killed a meat berserker
    17 | D        | Noticed a large bag of meat
    17 | D        | Noticed a meat berserker
    18 | D        | Reached skill level 27 in Fighting
    18 | D        | Noticed a destroyer
    18 | D        | Noticed a large bag of meat
    18 | D        | Killed a meat berserker
    19 | D        | Reached XP level 18. HP: 214/214 MP: 9/49
    20 | D        | Noticed a meat berserker
    20 | D        | Noticed a meat berserker
    21 | D        | Reached skill level 5 in Stealth
    21 | D        | Noticed a meat berserker
    22 | D        | Noticed a destroyer
    23 | D        | Killed a meat berserker
    23 | D        | Killed a meat berserker
    23 | D        | Reached ****** piety under Makhleb
    24 | D        | Reached skill level 5 in Short Blades
    24 | D        | Reached skill level 5 in Long Blades
    24 | D        | Reached skill level 5 in Maces & Flails
    24 | D        | Reached skill level 5 in Polearms
    24 | D        | Reached skill level 5 in Staves
    24 | D        | Reached skill level 5 in Throwing
    24 | D        | Reached skill level 5 in Unarmed Combat
    24 | D        | Reached skill level 5 in Conjurations
    24 | D        | Reached skill level 5 in Summonings
    24 | D        | Reached skill level 5 in Necromancy
    24 | D        | Reached skill level 5 in Transmutations
    24 | D        | Reached skill level 5 in Fire Magic
    24 | D        | Reached skill level 5 in Ice Magic
    24 | D        | Reached skill level 5 in Air Magic
    24 | D        | Reached skill level 5 in Earth Magic
    24 | D        | Noticed a destroyer
    24 | D        | Noticed a meat berserker
    25 | D        | Killed a meat berserker
    25 | D        | Noticed a large bag of meat
    26 | D        | Noticed a destroyer
    26 | D        | Killed a large bag of meat
    27 | D        | Reached skill level 27 in Stealth
    27 | D        | Reached XP level 19. HP: 184/221 MP: 11/50
    28 | D        | Noticed a destroyer
    28 | D        | Noticed a destroyer
    29 | D        | Killed a destroyer
    29 | D        | Killed a meat berserker
    29 | D        | Killed a destroyer
    30 | D        | Reached skill level 10 in Shields
    30 | D        | Reached skill level 10 in Invocations
    30 | D        | Reached skill level 10 in Evocations
    30 | D        | Reached XP level 20. HP: 231/231 MP: 12/51
    30 | D        | Noticed a destroyer
    30 | D        | Killed a destroyer
    31 | D        | Reached skill level 10 in Hexes
    31 | D        | Reached skill level 10 in Poison Magic
    31 | D        | Killed a destroyer
    31 | D        | Killed a destroyer
    31 | D        | Killed a meat berserker
    31 | D        | Noticed a destroyer
    32 | D        | Reached skill level 10 in Short Blades
    32 | D        | Reached skill level 10 in Long Blades
    32 | D        | Reached skill level 10 in Maces & Flails
    32 | D        | Reached skill level 10 in Staves
    32 | D        | Reached skill level 10 in Throwing
    32 | D        | Reached skill level 10 in Unarmed Combat
    32 | D        | Reached skill level 10 in Conjurations
    32 | D        | Reached skill level 10 in Transmutations
    32 | D        | Reached XP level 21. HP: 239/239 MP: 12/52
    32 | D        | Killed a destroyer
    33 | D        | Reached skill level 10 in Polearms
    33 | D        | Reached skill level 10 in Summonings
    33 | D        | Reached skill level 10 in Necromancy
    33 | D        | Killed a large bag of meat
    33 | D        | Noticed a destroyer
    34 | D        | Reached skill level 10 in Ranged Weapons
    34 | D        | Reached skill level 10 in Dodging
    34 | D        | Noticed a large bag of meat
    36 | D        | Reached skill level 15 in Shields
    36 | D        | Reached skill level 15 in Invocations
    36 | D        | Reached skill level 15 in Evocations
    36 | D        | Reached XP level 22. HP: 238/249 MP: 13/53
    38 | D        | Noticed a large bag of meat
    38 | D        | Killed a large bag of meat
    39 | D        | Reached skill level 15 in Hexes
    39 | D        | Reached skill level 15 in Translocations
    39 | D        | Reached skill level 15 in Fire Magic
    39 | D        | Reached skill level 15 in Ice Magic
    39 | D        | Reached skill level 15 in Air Magic
    39 | D        | Reached skill level 15 in Earth Magic
    39 | D        | Reached skill level 15 in Poison Magic
    39 | D        | Killed a destroyer
    39 | D        | Noticed The Servant
    39 | D        | Noticed a destroyer
    40 | D        | Reached XP level 23. HP: 256/256 MP: 14/54
    40 | D        | Killed a destroyer
    41 | D        | Reached skill level 15 in Short Blades
    41 | D        | Reached skill level 15 in Long Blades
    41 | D        | Reached skill level 15 in Maces & Flails
    41 | D        | Reached skill level 15 in Staves
    41 | D        | Reached skill level 15 in Throwing
    41 | D        | Reached skill level 15 in Unarmed Combat
    41 | D        | Reached skill level 15 in Conjurations
    41 | D        | Reached skill level 15 in Transmutations
    43 | D        | Killed a destroyer
    46 | D        | Killed The Servant
    47 | D        | Reached skill level 15 in Polearms
    47 | D        | Reached skill level 15 in Summonings
    47 | D        | Reached skill level 15 in Necromancy
    47 | D        | Reached XP level 24. HP: 266/266 MP: 16/54
    47 | D        | Noticed a destroyer
    47 | D        | Noticed a destroyer
    48 | D        | Killed a large bag of meat
    48 | D        | Noticed a destroyer
    49 | D        | Reached skill level 15 in Dodging
    49 | D        | Killed a destroyer
    50 | D        | Reached skill level 15 in Ranged Weapons
    50 | D        | Reached XP level 25. HP: 274/274 MP: 17/54
    51 | D        | Noticed a tyrant
    51 | D        | Noticed a tyrant
    52 | D        | Killed a destroyer
    53 | D        | Noticed an accursed
    54 | D        | Noticed a tyrant
    54 | D        | Killed a large bag of meat
    55 | D        | Reached XP level 26. HP: 258/284 MP: 18/54
    55 | D        | Killed a destroyer
    56 | D        | Noticed a tyrant
    56 | D        | Killed an accursed
    59 | D        | Killed a tyrant
    60 | D        | Reached XP level 27. HP: 292/292 MP: 19/54
    60 | D        | Killed a tyrant
    60 | D        | Killed a destroyer
    61 | D        | Killed a tyrant
    64 | D        | Killed a tyrant
    67 | D        | Noticed a dread
    68 | D        | Noticed a meat beast
    69 | D        | Noticed a meat beast
    69 | D        | Noticed a meat beast
    71 | D        | Killed a dread
    71 | D        | Killed a meat beast
    72 | D        | Reached skill level 27 in Dodging
    73 | D        | Reached skill level 27 in Invocations
    73 | D        | Reached skill level 27 in Evocations
    73 | D        | Killed a meat beast
    74 | D        | Reached skill level 27 in Shields
    75 | D        | Killed a meat beast
    76 | D        | Noticed a dread
    77 | D        | Reached skill level 27 in Hexes
    77 | D        | Reached skill level 27 in Ice Magic
    77 | D        | Reached skill level 27 in Air Magic
    77 | D        | Reached skill level 27 in Earth Magic
    77 | D        | Reached skill level 27 in Poison Magic
    78 | D        | Noticed an accursed
    79 | D        | Reached skill level 27 in Translocations
    80 | D        | Reached skill level 27 in Fire Magic
    80 | D        | HP: 10/239 [something/bolt of negative energy (134)]
    80 | D        | Killed from afar by a dread

Illustrated notes

Levels and vault maps discovered:
D:        meatsprint

Skill      XL: |  1  2  3  4  5  6  7  8  9 10 11 12 13 14 15 16 17 18 19 20 21 22 23 24 25 26 27 |
---------------+----------------------------------------------------------------------------------+-----
Fighting       | 2 3 7 10 14 23 27 | 27.0
Axes           | 4 5 13 17 22 27 | 27.0
Armour         | 12 14 20 23 27 | 27.0
Spellcasting   | 22 26 27 | 27.0
Short Blades   | 3 5 8 10 12 14 16 18 19 21 25 | 25.1
Long Blades    | 3 5 8 10 12 14 16 18 19 21 25 | 25.0
Maces & Flails | 3 5 8 10 12 14 16 18 19 21 25 | 25.0
Polearms       | 3 5 7 9 11 13 15 16 18 19 23 | 23.2
Staves         | 3 5 8 10 12 14 16 18 19 21 25 | 25.0
Ranged Weapons | 2 4 6 9 10 12 14 15 16 18 21 | 21.5
Throwing       | 3 5 8 10 12 14 16 18 19 21 25 | 25.0
Dodging        | 2 4 6 9 10 12 14 15 16 18 27 | 27.0
Stealth        | 4 27 | 27.0
Shields        | 4 6 10 12 15 17 19 21 23 24 27 | 27.0
Unarmed Combat | 3 5 8 10 12 14 16 18 19 21 25 | 25.0
Conjurations   | 3 5 8 10 12 14 16 18 19 21 25 | 25.0
Hexes          | 3 6 9 11 14 16 18 19 21 23 27 | 27.0
Summonings     | 3 5 7 9 11 13 15 16 18 19 23 | 23.3
Necromancy     | 3 5 7 9 11 13 15 16 18 19 23 | 23.3
Translocations | 3 6 9 11 13 15 18 19 21 22 27 | 27.0
Transmutations | 3 5 8 10 12 14 16 18 19 21 25 | 25.1
Fire Magic     | 3 5 8 11 13 16 18 19 21 23 27 | 27.0
Ice Magic      | 3 5 8 11 13 16 18 19 21 23 27 | 27.0
Air Magic      | 3 5 8 11 13 16 18 19 21 23 27 | 27.0
Earth Magic    | 3 5 8 11 13 16 18 19 21 23 27 | 27.0
Poison Magic   | 3 6 9 11 14 16 18 19 21 23 27 | 27.0
Invocations    | 4 6 10 12 15 17 20 21 23 25 27 | 27.0
Evocations     | 4 6 10 12 15 17 20 21 23 25 27 | 27.0

Action                     |  1- 3 |  4- 6 |  7- 9 | 10-12 | 13-15 | 16-18 | 19-21 | 22-24 | 25-27 || total
---------------------------+-------+-------+-------+-------+-------+-------+-------+-------+-------++-------
  Melee: Executioner's axe |     1 |       |       |     1 |     4 |     9 |     8 |    13 |    27 ||    63
 Armour: Scale mail        |       |       |       |       |       |       |     1 |     2 |     4 ||     7
  Dodge: Dodged            |       |       |       |       |       |       |     1 |       |     1 ||     2

Table legend: (Time is in decaauts)
 A = Elapsed time spent in this place.
 B = Non-inter-level travel time spent in this place.
 C = Inter-level travel time spent in this place.
 D = Time resting spent in this place.
 E = Time spent auto-exploring this place.
 F = Levels seen in this place.
 G = Mean time per level.
                   A        B        C        D        E       F      G
               +--------+--------+--------+--------+--------+-----+--------+
         Total |     65 |     65 |      0 |      0 |      0 |   1 |   65.0 |
       Dungeon |     65 |     65 |      0 |      0 |      0 |   1 |   65.0 |
               +--------+--------+--------+--------+--------+-----+--------+

Top non-repeatable levels by time:
       D: 65 daAuts
